Map: Pillars of Gold LE

Players

Vanya

  • Race: Zerg Zerg
  • League: Grandmaster
  • Spawn Location: 7:00

Lambo - Winner!

  • Race: Zerg Zerg
  • Spawn Location: 1:00

Event: DreamHack SC2 Masters 2020 Summer Europe

VOD

Have the link to the VOD?

Description

Time

  • Played on: July 9, 2020, 9:18 a.m.
  • Length: 6:59

All games in this series

Show
View Real Time Build Order
Export as new Build Order

Vanya Zerg 

Build Orders: Hatch First 

Get SALT Encoding   

  12  0:00  Drone  
  13  0:12  Overlord  
  13  0:17  Drone  
  14  0:31  Drone x2  
  16  0:49  Hatchery  
  15  0:53  Drone  
  15  0:56  Drone  
  17  0:59  Drone  
  18  1:09  Extractor  
  17  1:15  Spawning Pool  
  16  1:18  Drone  
  16  1:21  Drone  
  18  1:28  Drone  
  19  1:40  Drone  
  20  1:49  Drone  
  21  2:02  Queen x2  
  21  2:03  Drone, Overlord  
  26  2:10  Metabolic Boost  
  26  2:12  Drone  
  26  2:14  Drone  
  28  2:25  Drone x2  
  30  2:37  Hatchery  
  29  2:39  Zergling x2  
  29  2:42  Zergling x2  
  31  2:45  Drone  
  31  2:46  Drone  
  33  2:51  Baneling Nest  
  33  2:55  Overlord  
  32  2:58  Drone  
  34  3:05  Drone  
  34  3:07  Queen  
  36  3:15  Drone x2  
  36  3:16  Drone x2  
  40  3:20  Overlord  
  40  3:23  Zergling x2  
  40  3:24  Zergling x2  
  43  3:27  Zergling x2  
  43  3:30  Zergling x2  
  44  3:40  Zergling x4  
  46  3:42  Zergling x8  
  46  3:47  Baneling x4  
  46  3:49  Zergling x4  
  47  3:56  Zergling x2  
  46  4:03  Extractor x2  
  46  4:05  Lair  
  46  4:06  Overlord  
  46  4:08  Drone  
  45  4:13  Drone  
  46  4:18  Overlord  
  46  4:19  Queen  
  48  4:32  Drone x3  
  51  4:38  Drone x2  
  51  4:40  Extractor  
  52  4:46  Hatchery  
  52  4:48  Drone x2  
  52  4:50  Drone x3  
  56  4:58  Drone  
  56  4:59  Drone  
  58  5:07  Zergling x4, Spire  
  58  5:10  Baneling x2  
  59  5:19  Overlord  
  58  5:21  Queen  
  54  5:30  Drone x2  
  56  5:40  Baneling x2  
  55  5:43  Zergling x4  
  57  5:51  Overlord  
  56  6:03  Drone  
  56  6:04  Drone x3  
  60  6:06  Drone  
  60  6:09  Overlord  
  61  6:16  Baneling x3  
  61  6:17  Baneling  
  61  6:21  Mutalisk  
  61  6:22  Mutalisk x5  
  67  6:34  Mutalisk x2  
  67  6:38  Overlord  
Show
View Real Time Build Order
Export as new Build Order

Lambo Zerg - Winner!

Build Orders: Hatch First 

Get SALT Encoding   

  12  0:00  Drone  
  13  0:12  Overlord  
  13  0:17  Drone  
  14  0:30  Drone x2  
  16  0:49  Hatchery  
  15  0:53  Drone  
  15  0:56  Drone  
  17  1:00  Drone  
  18  1:05  Extractor  
  17  1:15  Spawning Pool  
  16  1:19  Drone  
  16  1:22  Drone  
  18  1:29  Drone  
  19  1:40  Drone  
  20  1:51  Drone  
  21  2:02  Queen x2  
  21  2:03  Zergling x2  
  21  2:06  Metabolic Boost  
  26  2:10  Overlord  
  26  2:15  Drone x2  
  28  2:29  Drone x2  
  30  2:39  Hatchery  
  30  2:44  Drone  
  30  2:46  Overlord  
  30  2:48  Zergling x2  
  31  2:52  Zergling x2  
  31  2:57  Zergling x4  
  34  3:06  Zergling x4  
  34  3:12  Zergling x8  
  40  3:13  Zergling x2  
  40  3:17  Overlord  
  41  3:23  Drone  
  42  3:28  Drone  
  43  3:37  Overlord  
  42  3:44  Drone x5  
  42  3:45  Drone x4  
  49  3:52  Baneling Nest  
  48  3:58  Drone  
  48  4:01  Queen  
  50  4:04  Overlord  
  50  4:09  Drone x2  
  52  4:14  Evolution Chamber, Zergling x6  
  54  4:20  Zergling x4  
  54  4:21  Evolution Chamber  
  55  4:28  Zergling x10  
  59  4:34  Overlord  
  59  4:36  Overlord  
  60  4:38  Baneling  
  60  4:39  Baneling x3  
  60  4:42  Drone x2  
  62  4:46  Drone x2  
  62  4:52  Drone x2  
  66  5:02  Drone x2  
  66  5:03  Drone  
  66  5:06  Extractor  
  68  5:08  Roach Warren, Extractor  
  68  5:12  Drone x3  
  69  5:17  Drone x2  
  69  5:18  Overlord  
  69  5:19  Drone x3  
  69  5:20  Overlord  
  69  5:21  Drone  
  74  5:24  Drone  
  73  5:29  Evolution Chamber  
  73  5:30  Drone  
  73  5:32  Drone  
  73  5:34  Baneling x2  
  73  5:35  Drone  
  75  5:36  Overlord  
  73  5:46  Zergling x12  
  79  5:52  Zergling x8  
  82  5:58  Zergling x2  
  82  5:59  Zergling x2  
  82  6:03  Queen x2  
  88  6:05  Baneling  
  88  6:06  Baneling x2  
  88  6:08  Zergling x2  
  88  6:09  Zergling x6  
  91  6:11  Baneling x2  
  91  6:12  Queen  
  91  6:16  Drone x2  
  95  6:19  Drone x2  
  95  6:22  Drone x2  
  98  6:27  Drone x2  
  98  6:28  Zergling x2  
  98  6:29  Zergling x2  
  101  6:35  Baneling x3  
  101  6:38  Zergling x10  
  107  6:42  Zergling x6  
  103  6:53  Extractor  
Tags
 
Add a new tag
Caveats
  • Supply blocks, unpowered buildings, or Contaminate may cause inaccurate times.
  • Supply counts are checked every 10 seconds.